 Seeded DCSS version 0.29-a0-664-gff9cad4a3d (webtiles) character file.

Game seed: 12781424815227474791 (custom seed)

747 zeratav the Tainter (level 7, -2/60 (65) HPs)
             Began as an Ogre Venom Mage on June 22, 2022.
             Slain by a necrophage (4 damage)
             ... on level 6 of the Dungeon.
             The game lasted 00:11:12 (6119 turns).

zeratav the Tainter (Ogre Venom Mage)               Turns: 6119, Time: 00:11:12

HP:   -2/60 (65)    AC:  3    Str: 15    XL:     7   Next: 77%
MP:   18/19         EV:  9    Int: 16    God:
Gold: 144           SH:  0    Dex:  9    Spells: 5/10 levels left

rFire   . . .      SeeInvis .   k - +4 spear {polearm}
rCold   . . .      Faith    .   (no shield)
rNeg    . . .      Spirit   .   a - +0 robe
rPois   .          Reflect  .   (helmet restricted)
rElec   .          Harm     .   (no cloak)
rCorr   .          Rampage  .   (gloves unavailable)
Will    .....                   (boots unavailable)
Stlth   +.........              (no amulet)
HPRegen 0.20/turn               r - ring of magical power
MPRegen 0.16/turn               (no ring)

@: attractive, drained
A: large, unfitting armour, tough skin 1
a: no special abilities


You were on level 6 of the Dungeon.
You visited 1 branch of the dungeon, and saw 6 of its levels.

You collected 188 gold pieces.
You spent 44 gold pieces at shops.


Innate Abilities, Weirdness & Mutations

You are too large for most types of armour.
You have tough skin. (AC +1)


   Skills:
 + Level 2.1 Fighting
 - Level 1.7 Dodging
 - Level 1.4 Stealth
 - Level 2.4 Spellcasting
 - Level 0.8 Transmutations
 - Level 8.0 Poison Magic


You had 5 spell levels left.
You knew the following spells:

 Your Spells              Type           Power      Damage    Failure   Level
a - Sting                 Tmut/Pois      64%        1d6       3%          1
b - Olgreb's Toxic Radia  Pois           27%        N/A       8%          4

Your spell library contained the following spells:

 Spells                   Type           Power      Damage    Failure   Level
 Poisonous Vapours        Pois/Air       28%        N/A       6%          2
 Summon Small Mammal      Summ           4%         N/A       21%         1
 Mephitic Cloud           Conj/Pois/Air  10%        N/A       21%         3
 Call Canine Familiar     Summ           1%         N/A       52%         3
 Summon Guardian Golem    Hex/Summ       1%         N/A       52%         3

Inventory:

Hand Weapons
 g - a +2 short sword of venom {short}
   (You took it off a kobold on level 1 of the Dungeon)
 k - a +4 spear (weapon) {polearm}
   (You took it off a gnoll on level 4 of the Dungeon)
 q - a +3 trident of flaming {polearm}
   (You took it off a gnoll sergeant on level 5 of the Dungeon)
 t - the +5 hunting sling of Articulation {freeze, rCorr Dex+4, sling}
   (You found it on level 5 of the Dungeon)

   Any ammunition fired from it freezes those it strikes, dealing additional
   cold damage.
   It can also slow down cold-blooded creatures.
   Dex:       It affects your dexterity (+4).
   rCorr:     It protects you from acid and corrosion.
Armour
 a - a +0 robe (worn)
Jewellery
 o - a ring of fire
   (You found it on level 3 of the Dungeon)
 p - an amulet of faith {!P}
   (You found it on level 3 of the Dungeon)
 r - a ring of magical power (left hand)
   (You found it on level 5 of the Dungeon)
Scrolls
 c - 4 scrolls of identify {@r1}
 i - a scroll of teleportation {@r4}
 j - a scroll of brand weapon
 m - a scroll of enchant weapon
 n - a scroll of vulnerability {!r!r}
 s - a scroll of enchant armour {unknown}
Potions
 b - a potion of magic
 d - a potion of curing {@q1}
 e - a potion of lignification {!q}
 f - 3 potions of might
 h - a potion of attraction {!q}
 l - a potion of degeneration {unknown}

Dungeon Overview and Level Annotations

Branches:
Dungeon (6/15) Zot: 26978
 Temple: D:4-7

Altars:
Kikubaaqudgha
Yredelemnul
Zin

Shops:
D:4 ?

Annotations:
D:3 3 runed translucent doors, zeratav's ghost, amateur OgVM
D:4 1 exclusion

# .## ## ...#
##. ....
##..##..#
#...@...#
#....n...#
..............#
.............##
.........#...#
...###....#....
... #.... .##.
.. ...... #


You could see a necrophage.


Message History

You need to enable at least one skill for training.
You start resting.
HP[+17]
Your hp is fully restored (59).
t - the +5 hunting sling of Articulation {freeze, rCorr Dex+4, sling} You see here a +0 short sword {short}.
Found a stone staircase leading down.
Found a pair of glowing boots.
Found a stone staircase leading down.
You see here a +2 pair of boots.
There is a shaft here.
There is a stone staircase leading down here.
You climb downwards.
There is a stone staircase leading up here.
The helpless necrophage fails to defend itself.
You hit the necrophage. The necrophage barely misses you.
Casting: Olgreb's Toxic Radiance (dangerous; 8% risk of failure)
Confirm with . or Enter, or press ? or * to list all spells.
You begin to radiate toxic energy.
The scorpion is poisoned.
The scorpion looks even sicker.
The scorpion barely misses you. The necrophage hits you.
You feel drained.
HP[-1] MP[-4]
You now have 58 max hp (-1).
You lost 4 mp, and now have 15/19 mp.
You hit the scorpion.
Your toxic aura wanes.
The scorpion stings you.
You are poisoned.
The scorpion poisons you! The necrophage hits you.
HP[-6]
You take 6 damage, and now have 52/58 hp.
You hit the scorpion.
The scorpion looks as sick as possible!
You feel sick.
You kill the scorpion!
The necrophage hits you.
You feel drained.
Your Fighting skill gained 2 levels and is now at level 2!
HP[-4]
You now have 64 max hp (+6).
Your +2 short sword of venom {short} stops dripping with poison.
k - a +4 spear (weapon)
{polearm} You feel sick.
HP[-1]
You take 1 damage, and now have 47/64 hp.
You closely miss the necrophage.
You feel sick. The necrophage closely misses you.
HP[-2]
You take 2 damage, and now have 45/64 hp.
You closely miss the necrophage.
You feel sick. The necrophage hits you. The necrophage completely misses you.
HP[-5]
You take 5 damage, and now have 40/64 hp.
You barely miss the necrophage.
You feel sick.
The necrophage hits you but does no damage.
MP[+1]
You completely miss the necrophage.
You feel sick. The necrophage barely misses you.
HP[-1]
You take 1 damage, and now have 39/64 hp.
You hit the necrophage.
You feel sick.
You are no longer poisoned.
The necrophage hits you.
HP[-3]
You take 3 damage, and now have 36/64 hp.
You barely miss the necrophage. The necrophage barely misses you.
You puncture the necrophage! The necrophage hits you!
* * * LOW HITPOINT WARNING * * *
HP[-7]
You take 7 damage, and now have 29/64 hp.
You barely miss the necrophage. The necrophage hits you!
* * * LOW HITPOINT WARNING * * *
You feel drained.
* * * LOW HITPOINT WARNING * * *
HP[-8] MP[+1]
You now have 62 max hp (-2).
You take 8 damage, and now have 21/62 hp.
You barely miss the necrophage. The necrophage hits you.
* * * LOW HITPOINT WARNING * * *
HP[-5]
You take 5 damage, and now have 16/62 hp.
You hit the necrophage. The necrophage hits you!
* * * LOW HITPOINT WARNING * * *
HP[-7]
You take 7 damage, and now have 9/62 hp.
You closely miss the necrophage. The necrophage misses you.
You closely miss the necrophage. The necrophage hits you!
* * * LOW HITPOINT WARNING * * *
The necrophage completely misses you.
HP[-7]
You take 7 damage, and now have 2/62 hp.
You feel better. The necrophage barely misses you.
HP[+6]
You regained 6 hp, and now have 8/62 hp.
You barely miss the necrophage. The necrophage hits you.
* * * LOW HITPOINT WARNING * * *
You feel drained.
* * * LOW HITPOINT WARNING * * *
HP[-6] MP[+1]
You now have 60 max hp (-2).
You take 6 damage, and now have 2/60 hp.
It was a potion of attraction.
You feel attractive to monsters. The necrophage hits you.
You die...

Skill      XL: |  1  2  3  4  5  6  7 |
---------------+----------------------+-----
Poison Magic   | 3 4 5 6 7 8 |  8.0
Fighting       | 2 |  2.1
Dodging        | |  1.7
Stealth        | |  1.4
Spellcasting   | |  2.4
Transmutations | |  0.8

Action                   |  1- 3 |  4- 6 |  7- 9 || total
-------------------------+-------+-------+-------++-------
Melee: Short sword       |    24 |   121 |    20 ||   165
       Unarmed           |     3 |    17 |     4 ||    24
       Punch             |       |     1 |       ||     1
       Spear             |       |    14 |    13 ||    27
 Cast: Sting             |    14 |     6 |       ||    20
       Olgreb's Toxic Ra |       |     3 |     6 ||     9
  Use: Potion            |       |     3 |     2 ||     5
       Scroll            |       |     6 |       ||     6
 Stab: Sleeping          |       |     6 |     1 ||     7
Armor: Robe              |    12 |    40 |     6 ||    58
       Skin              |       |    25 |     4 ||    29
Dodge: Dodged            |     9 |    56 |    19 ||    84

Levels and vault maps discovered:
D:1:      zaba_arrival_water, layout_loops_ring, ebering_ecumenical_altar_webs,
          item_on_display_a
D:2:      layout_basic, interstate_on_off, hangedman_abyss_or_decor_lesser_grid,
          minmay_domino_2
D:3:      layout_loops_ring, mainiacjoe_overflow_alcove_1,
          overflow_temple_1_default, lemuel_doored_altar, gammafunk_ghost_split,
          minmay_checkerbox, uniq_sigmund, uniq_grinder
D:4:      layout_rooms, serial_shops, shop
D:5:      layout_rooms, minmay_tree_intersection, skrybe_limestone_x,
          minmay_misc_feat_square
D:6:      layout_cave_pools, temple_statues, dk_noncrumbling_3

Notes
Turn   | Place    | Note
-------+----------+-------------------------------------------
     0 | D:1      | zeratav the Ogre Venom Mage began the quest for the Orb.
     0 | D:1      | Reached XP level 1. HP: 16/16 MP: 3/3
     0 | D:1      | magus.rc [v1.9.6]
   351 | D:1      | Found a faded altar of an unknown god.
   359 | D:1      | Reached skill level 3 in Poison Magic
   494 | D:1      | Reached XP level 2. HP: 12/24 MP: 0/5
   499 | D:1      | HP: 6/24 [poisoned by a kobold]
  1166 | D:2      | Noticed a scorpion
  1171 | D:2      | HP: 5/24 [poisoned by a scorpion]
  1171 | D:2      | Killed a scorpion
  1172 | D:2      | Reached skill level 4 in Poison Magic
  1172 | D:2      | Reached XP level 3. HP: 6/31 MP: 3/6
  1172 | D:2      | Reached XP level 4. HP: 8/39 MP: 3/7
  1473 | D:2      | You pick up a book of Callings and begin reading...
  1473 | D:2      | You add the spells Summon Small Mammal, Call Canine
                  | Familiar and Summon Guardian Golem to your library.
  2661 | D:3      | Found a runed translucent gate.
  2661 | D:3      | Found a runed translucent gate.
  2662 | D:3      | Found a runed translucent gate.
  2675 | D:3      | Found a glowing silver altar of Zin.
  2687 | D:3      | Noticed zeratav's ghost (amateur OgVM)
  2700 | D:3      | Reached skill level 5 in Poison Magic
  2700 | D:3      | Reached XP level 5. HP: 20/45 MP: 8/8
  2907 | D:3      | Found a basalt altar of Yredelemnul.
  3131 | D:3      | Found an ancient bone altar of Kikubaaqudgha.
  3821 | D:4      | HP: 11/45 [poisoned by a scorpion]
  4075 | D:4      | Noticed a phantom
  4084 | D:4      | Killed a phantom
  4085 | D:4      | Reached skill level 6 in Poison Magic
  4085 | D:4      | Reached XP level 6. HP: 53/53 MP: 9/9
  4414 | D:3      | Learned a level 4 spell: Olgreb's Toxic Radiance
  4509 | D:4      | Found Junuge's Magic Scroll Emporium.
  4517 | D:4      | Bought a scroll of identify for 22 gold pieces
  4517 | D:4      | Bought a scroll of identify for 22 gold pieces
  5188 | D:5      | Entered Level 5 of the Dungeon
  5206 | D:5      | Noticed an ice beast
  5224 | D:5      | Killed an ice beast
  5225 | D:5      | Reached skill level 7 in Poison Magic
  5225 | D:5      | Reached XP level 7. HP: 59/59 MP: 10/10
  5904 | D:5      | Reached skill level 8 in Poison Magic
  5992 | D:5      | Identified the +5 hunting sling of Articulation {freeze,
                  | rCorr Dex+4}
  6104 | D:6      | Reached skill level 2 in Fighting
  6114 | D:6      | HP: 9/62 [necrophage (7)]
  6116 | D:6      | HP: 2/62 [necrophage (7)]
  6119 | D:6      | Slain by a necrophage

Vanquished Creatures
  An ice beast (D:5)
  A phantom (D:4)
  A gnoll sergeant (D:5)
  A necrophage (D:4)
  3 scorpions
  2 hounds (D:5)
  2 iguanas (D:5)
  7 gnolls
  6 adders
  A white imp (D:5)
  An ufetubus (D:5)
  4 dart slugs
  An orc (D:5)
  2 endoplasms (D:3)
  4 giant cockroaches
  3 hobgoblins
  2 jackals (D:2)
  4 quokkas
  4 ball pythons
  2 bats (D:2)
  A frilled lizard (D:2)
  6 goblins
  5 kobolds
  5 rats
69 creatures vanquished.

Table legend:
 A = Non-vault XP
 B = Vault XP
 C = Vault XP percentage of total XP
 D = Non-vault monster count
 E = Vault monster count
 F = Vault count percentage of total count
                 A         B        C        D         E       F
            +---------+---------+-------+---------+---------+-------
      Total |    1060 |       8 |   0.7 |      64 |       5 |   7.2
            +---------+---------+-------+---------+---------+-------
        D:1 |      11 |       0 |   0.0 |       7 |       0 |   0.0
        D:2 |     115 |       1 |   0.9 |      15 |       1 |   6.2
        D:3 |      89 |       7 |   7.3 |      15 |       4 |  21.1
        D:4 |     334 |       0 |   0.0 |      14 |       0 |   0.0
        D:5 |     431 |       0 |   0.0 |      12 |       0 |   0.0
        D:6 |      80 |       0 |   0.0 |       1 |       0 |   0.0
            +---------+---------+-------+---------+---------+-------

Illustrated notes

Table legend:
 A = Kills in this place as a percentage of kills in entire the game.
 B = Kills by you in this place as a percentage of kills by you in the entire game.
 C = Kills by friends in this place as a percentage of kills by friends in the entire game.
 D = Other kills in this place as a percentage of other kills in the entire game.
 E = Experience gained in this place as a percentage of experience gained in the entire game.
 F = Experience gained in this place divided by the number of levels of this place that you have seen.
                   A       B       C       D       E      F
               +-------+-------+-------+-------+-------+----------------------
         Total | 100.0 | 100.0 |   N/A |   N/A | 100.0 | 178.0
       Dungeon | 100.0 | 100.0 |   N/A |   N/A | 100.0 | 178.0
               +-------+-------+-------+-------+-------+----------------------

Table legend: (Time is in decaauts)
 A = Elapsed time spent in this place.
 B = Non-inter-level travel time spent in this place.
 C = Inter-level travel time spent in this place.
 D = Time resting spent in this place.
 E = Time spent auto-exploring this place.
 F = Levels seen in this place.
 G = Mean time per level.
                   A        B        C        D        E       F      G
               +--------+--------+--------+--------+--------+-----+--------+
         Total |   6139 |   5713 |    426 |   1888 |   2543 |   6 | 1023.2 |
       Dungeon |   6139 |   5713 |    426 |   1888 |   2543 |   6 | 1023.2 |
               +--------+--------+--------+--------+--------+-----+--------+

Top non-repeatable levels by time:
     D:3: 1479 daAuts
     D:2: 1416 daAuts
     D:4: 1295 daAuts
     D:1: 1015 daAuts
     D:5: 911 daAuts
     D:6: 20 daAuts
